 Dungeon Crawl Stone Soup version 0.31-a0-66-ge618eeaa78 (webtiles) character file.

Game seed: 18430265168133412671

767 mopl the Covert (level 7, -3/47 HPs)
             Began as an Octopode Brigand on May 22, 2023.
             Slain by a phantom (4 damage)
             ... on level 4 of the Dungeon.
             The game lasted 00:05:07 (3047 turns).

mopl the Covert (Octopode Brigand)                  Turns: 3047, Time: 00:05:07

Health: -3/47      AC:  1    Str: 10    XL:     7   Next: 82%
Magic:  7/7        EV: 14    Int: 16    God:
Gold:   1          SH:  0    Dex: 13    Spells: 6/6 levels left

rFire   . . .        a - +1 dagger (protect)
rCold   . . .        (no shield)
rNeg    . . .        (helmet restricted)
rPois   .            r - amulet of magic regeneration
rElec   .            q - ring of willpower
rCorr   .            (no ring)
SInv    .            (no ring)
Will    +....        (no ring)
Stlth   +++++        (no ring)
HPRegen 0.27/turn    (no ring)
MPRegen 0.50/turn    (no ring)
                     (no ring)

%: no passive effects
@: brilliant
A: almost no armour, amphibious, 8 rings, camouflage 1, gelatinous body 1,
(nimble swimmer 1), tentacles
a: no special abilities


You were on level 4 of the Dungeon.
You visited 1 branch of the dungeon, and saw 4 of its levels.

You collected 279 gold pieces.
You spent 278 gold pieces at shops.

Inventory:

Hand Weapons
 a - a +1 dagger of protection (weapon)
Missiles
 b - 9 poisoned darts
 c - a curare-tipped dart (quivered)
 y - 3 datura-tipped darts
Magical Staves
 m - a staff of conjuration
Jewellery
 q - a ring of willpower (left tentacle)
 r - an amulet of magic regeneration (around mantle)
Wands
 z - a wand of roots (2)
Scrolls
 d - 2 scrolls of vulnerability {unknown}
 g - a scroll of enchant weapon {unknown}
 h - 2 scrolls of teleportation {unknown}
 j - 2 scrolls of enchant armour {unknown}
 n - 2 scrolls of fog {unknown}
 o - a scroll of silence {unknown}
 p - a scroll of magic mapping {unknown}
 v - a scroll of blinking
 x - 2 scrolls of identify
Potions
 e - 3 potions of brilliance
 f - a potion of mutation {unknown}
 i - 2 potions of curing
 k - a potion of haste {unknown}
 l - a potion of degeneration {unknown}
 s - a potion of heal wounds {unknown}
 t - a potion of invisibility {unknown}
 u - a potion of berserk rage {unknown}
 w - a potion of magic


   Skills:
 + Level 3.7 Fighting
 * Level 4.8 Short Blades
 + Level 3.7 Throwing
 + Level 3.1 Dodging
 * Level 8.3 Stealth


You had 6 spell levels left.
You didn't know any spells.
Your spell library was empty.

Dungeon Overview and Level Annotations

Branches:
Dungeon (4/15)
 Temple: D:4-7

Altars:
Qazlal

Shops:
D:4 *=*:


Innate Abilities, Weirdness & Mutations

You cannot wear most types of armour.
You are amphibious.
You can wear up to eight rings at the same time.
Your skin changes colour to match your surroundings (Stealth+).
Your rubbery body absorbs attacks. (AC +1, EV +1)
((You are camouflaged when in or above water. (Stealth+)))
You have tentacles for arms and can constrict up to eight enemies at once.


Message History

Unknown command.
You hit the gnoll.
You kill the gnoll!
The black bear goes berserk!
Unknown command.
You hit the phantom.
You squeeze the phantom, but do no damage.
The phantom is lightly damaged.
The gnoll hits you from afar with a +0 spear.
The phantom closely misses you.
There is an open door here.
The black bear rages.
Throw: 3 darts (curare)
Press: ? - help, Q - select action, (/) - cycle Shift-Dir - straight line, f - black bear, p - hound zombie
Aim: a black bear (almost dead, berserk, 67% to hit)
You throw a curare-tipped dart.
The curare-tipped dart closely misses the black bear.
The black bear rages.
The phantom hits you. The black bear bites you.
The black bear barely misses you. The black bear claws you!
* * * LOW HITPOINT WARNING * * *
Throw: 2 darts (curare)
Press: ? - help, Q - select action, (/) - cycle Shift-Dir - straight line, f/p - black bear
Aim: a black bear (almost dead, berserk, 67% to hit)
You throw a curare-tipped dart.
The curare-tipped dart hits the black bear.
The black bear is poisoned.
The black bear convulses.
You kill the black bear!
The phantom hits you.
* * * LOW HITPOINT WARNING * * *
The phantom blinks!
You blink.
Unknown command.
The phantom hits you.
* * * LOW HITPOINT WARNING * * *
The phantom attacks as you move away! The phantom hits you.
* * * LOW HITPOINT WARNING * * *
It was a potion of brilliance.
You feel clever all of a sudden. The phantom hits you.
You die...

#........#
########.8.8##.#
##.....##..Z.##.#
#......# #)# #.#
#...8..# #.# #.#
#......####'###.#
#...........(...#
#.###.g.....(...#
#.@W.ggZ........###
###########........
#.......# #.......#
#......8P #........
#.#>..88.
###+#+#.8..
#..........


You could see a phantom, 3 gnolls and a hound zombie.

Vanquished Creatures
  A black bear (D:4)
  A sky beast (D:3)
  A phantom (D:4)
  A scorpion (D:4)
  A water moccasin skeleton (D:4)
  2 centaur zombies (D:4)
  A bullfrog skeleton (D:4)
  A hound (D:4)
  A sleepcap (D:4)
  Jessica (D:2)
  An iguana (D:4)
  A scorpion zombie (D:4)
  3 hound skeletons (D:4)
  A hound zombie (D:4)
  A gnoll (D:4)
  4 adders
  An adder zombie (D:4)
  An adder skeleton (D:4)
  3 worms (D:2)
  2 dart slugs
  9 orcs (D:3)
  2 endoplasms
  6 giant cockroaches
  3 goblins
  8 hobgoblins
  4 kobolds
  5 ball pythons
  6 bats
  2 frilled lizards
  A quokka zombie (D:4)
  3 rats
78 creatures vanquished.

Notes
Turn   | Place    | Note
-------+----------+-------------------------------------------
     0 | D:1      | mopl the Octopode Brigand began the quest for the Orb.
     0 | D:1      | Reached XP level 1. HP: 14/14 MP: 1/1
   208 | D:1      | Reached XP level 2. HP: 19/19 MP: 2/2
   339 | D:2      | Reached XP level 3. HP: 24/24 MP: 3/3
  1198 | D:2      | Noticed Jessica
  1200 | D:2      | Killed Jessica
  1201 | D:2      | Reached skill level 6 in Stealth
  1201 | D:2      | Reached XP level 4. HP: 30/30 MP: 4/4
  2067 | D:3      | Reached skill level 3 in Short Blades
  2120 | D:3      | Reached XP level 5. HP: 26/35 MP: 5/5
  2175 | D:3      | Found a stormy altar of Qazlal.
  2175 | D:3      | Noticed a sky beast
  2181 | D:3      | Killed a sky beast
  2182 | D:3      | Reached skill level 2 in Dodging
  2663 | D:4      | Reached skill level 3 in Fighting
  2663 | D:4      | Reached XP level 6. HP: 42/42 MP: 6/6
  2671 | D:4      | Reached skill level 7 in Stealth
  2678 | D:4      | Reached skill level 3 in Throwing
  2800 | D:4      | Reached skill level 4 in Short Blades
  2860 | D:4      | Found Toceyga's Book Shoppe.
  2866 | D:4      | Found Corphic's General Store.
  2866 | D:4      | Found Naot's Assorted Antiques.
  2870 | D:4      | Found Zyupoq's Jewellery Shoppe.
  2879 | D:4      | Bought a potion of curing for 36 gold pieces
  2879 | D:4      | Bought a scroll of blinking for 90 gold pieces
  2879 | D:4      | Bought a potion of magic for 96 gold pieces
  2879 | D:4      | Bought a scroll of identify for 24 gold pieces
  2879 | D:4      | Bought 3 datura-tipped darts for 32 gold pieces
  2910 | D:4      | Reached XP level 7. HP: 40/46 MP: 7/7
  3000 | D:4      | Reached skill level 8 in Stealth
  3018 | D:4      | Reached skill level 3 in Dodging
  3043 | D:4      | HP: 2/47 [phantom (6)]
  3047 | D:4      | Slain by a phantom

Illustrated notes

Levels and vault maps discovered:
D:1:      spicycebolla_arrival_ecumenical, layout_basic
D:2:      layout_rooms, serial_co_window_serial, co_window_corner_a,
          co_window_corner_a, co_window_paths_a, co_window_paths_a,
          co_window_of_opportunity_a, co_window_cross_1, co_window_corner_a,
          co_window_corner_ca, co_window_corner_cb, co_window_corner_b,
          co_window_2corner, co_window_corner_b, co_window_broadway_a,
          co_window_corner_cb, glass_columns_b, minmay_small_reverse_x,
          uniq_jessica
D:3:      layout_loops_ring, nicolae_qazlal_beasts_of_the_sky,
          kennysheep_flooded_box, hangedman_decor_peaks_small,
          serial_bayou_lagoon_b
D:4:      layout_basic, serial_undead, serial_undead_d, serial_undead_d,
          serial_undead_a, serial_undead_c, serial_undead_c, serial_undead_c,
          minmay_shop_grid_forest, uniq_sigmund

Skill      XL: |  1  2  3  4  5  6  7 |
---------------+----------------------+-----
Stealth        | 6 7 8 |  8.3
Short Blades   | 3 4 |  4.8
Dodging        | 2 3 |  3.1
Fighting       | 3 |  3.7
Throwing       | 3 |  3.7

Action                     |  1- 3 |  4- 6 |  7- 9 || total
---------------------------+-------+-------+-------++-------
  Melee: Dagger            |    36 |   140 |    47 ||   223
         Constrict         |     7 |    25 |     5 ||    37
         Tentacles         |     4 |    45 |    17 ||    66
         Punch             |     1 |     2 |     1 ||     4
  Throw: Dart              |       |       |     2 ||     2
  Evoke: Wand              |       |       |     1 ||     1
    Use: Potion            |       |       |     1 ||     1
   Stab: Sleeping          |    12 |    16 |     1 ||    29
 Armour: Skin              |     5 |    25 |    10 ||    40
  Dodge: Dodged            |    10 |    72 |    30 ||   112

Table legend: (Time is in decaauts)
 A = Elapsed time spent in this place.
 B = Non-inter-level travel time spent in this place.
 C = Inter-level travel time spent in this place.
 D = Time resting spent in this place.
 E = Time spent auto-exploring this place.
 F = Levels seen in this place.
 G = Mean time per level.
                   A        B        C        D        E       F      G
               +--------+--------+--------+--------+--------+-----+--------+
         Total |   3008 |   2826 |    182 |     34 |   2205 |   4 |  752.0 |
       Dungeon |   3008 |   2826 |    182 |     34 |   2205 |   4 |  752.0 |
               +--------+--------+--------+--------+--------+-----+--------+

Top non-repeatable levels by time:
     D:2: 1083 daAuts
     D:1: 830 daAuts
     D:3: 721 daAuts
     D:4: 372 daAuts
